 Dungeon Crawl Stone Soup version 0.29.0-15-g675c0067aa (webtiles) character file.

Game seed: 4064202444704934364

59230 Lremus the Fighter (level 14, 153/153 HPs)
             Began as an Ogre Fire Elementalist on Sept 5, 2022.
             Was a High Priest of Makhleb.
             Quit the game on level 9 of the Dungeon on Sept 11, 2022.
             The game lasted 02:16:57 (31217 turns).

Lremus the Fighter (Ogre Fire Elementalist)        Turns: 31217, Time: 02:16:58

Health: 153/153    AC: 11    Str: 15    XL:     14   Next: 94%
Magic:  25/25      EV: 18    Int: 20    God:    Makhleb [*****.]
Gold:   952        SH:  0    Dex:  9    Spells: 5/28 levels left

rFire   . . .      SeeInvis .   k - +5 giant spiked club
rCold   . . .      Faith    .   (shield currently unavailable)
rNeg    . . .      Spirit   .   A - +0 acid dragon scales
rPois   .          Reflect  .   F - +2 hat
rElec   .          Harm     .   l - +0 cloak
rCorr   +          Rampage  .   (gloves unavailable)
Will    +....                   (boots unavailable)
Stlth   +.........              (no amulet)
HPRegen 0.35/turn               x - +4 ring of evasion
MPRegen 0.19/turn               P - +4 ring of evasion

@: no status effects
A: large, unfitting armour, tough skin 1
a: Renounce Religion, Minor Destruction, Lesser Servant of Makhleb, Major
Destruction, Greater Servant of Makhleb


You were on level 9 of the Dungeon.
You worshipped Makhleb.
Makhleb was extremely pleased with you.
You visited 3 branches of the dungeon, and saw 16 of its levels.

You collected 1106 gold pieces.
You spent 154 gold pieces at shops.

Inventory:

Hand Weapons
 k - a +5 giant spiked club (weapon)
 U - the +5 hand axe of Eternal Vigilance {drain, Will+ Str+4 Int+2}
   (You took it off an orc on level 9 of the Dungeon)

   A truly terrible weapon, it drains the life of any living foe it strikes.
   Str:       It affects your strength (+4).
   Int:       It affects your intelligence (+2).
   Will:      It increases your willpower.
Missiles
 t - 2 boomerangs of dispersal
 C - 2 throwing nets
 M - 5 curare-tipped darts
Armour
 l - a +0 cloak (worn)
 A - +0 acid dragon scales (worn)
 F - a +2 hat (worn)
 J - a scarf of resistance
Jewellery
 o - a ring of willpower
 q - a ring of ice
 x - a +4 ring of evasion (left hand)
 D - a ring of willpower
 P - a +4 ring of evasion (right hand)
 T - a ring of flight
 W - a ring of see invisible
Wands
 B - a wand of charming (5)
 E - a wand of mindburst (12)
 H - a wand of flame (44)
 L - a wand of iceblast (12)
 O - a wand of polymorph (15)
Scrolls
 a - a scroll of noise {unknown}
 c - 5 scrolls of amnesia
 e - a scroll of fear
 h - a scroll of brand weapon {unknown}
 j - 3 scrolls of magic mapping
 m - a scroll of poison
 p - 3 scrolls of fog
 r - a scroll of summoning
 u - a scroll of blinking {unknown}
 w - a scroll of silence {unknown}
 y - 3 scrolls of immolation
 I - a scroll of enchant armour {unknown}
 K - 6 scrolls of teleportation
 R - 3 scrolls of identify
 S - a scroll of torment {unknown}
 X - a scroll of vulnerability {unknown}
 Z - a scroll of acquirement {unknown}
Potions
 b - a potion of magic
 d - 3 potions of haste
 f - 9 potions of curing
 g - 4 potions of might
 i - 2 potions of invisibility
 n - a potion of flight
 s - 4 potions of mutation
 v - 5 potions of brilliance
 z - a potion of heal wounds
 G - a potion of attraction {unknown}
 N - a potion of cancellation
 Q - a potion of berserk rage
 V - 3 potions of lignification
 Y - a potion of resistance


   Skills:
 - Level 13.1 Fighting
 - Level 7.1 Maces & Flails
 - Level 5.9 Armour
 - Level 5.5 Dodging
 - Level 1.4 Stealth
 - Level 7.7 Spellcasting
 - Level 8.3 Conjurations
 - Level 5.0 Hexes
 - Level 8.8 Fire Magic
 - Level 8.2 Air Magic
 + Level 9.7 Invocations
 - Level 3.1 Evocations


You had 5 spell levels left.
You knew the following spells:

 Your Spells              Type           Power      Damage    Failure   Level
a - Foxfire               Conj/Fire      100%       2x1d9     1%          1
b - Scorch                Fire           86%        2d9       1%          2
c - Conjure Flame         Conj/Fire      42%        6-21      1%          3
d - Inner Flame           Hex/Fire       35%        N/A       1%          3
e - Flame Wave            Conj/Fire      42%        2d11      3%          4
f - Swiftness             Air            40%        N/A       1%          3
g - Slow                  Hex            100%       N/A       1%          1
h - Airstrike             Air            20%        2d(3-19)  4%          4
i - Summon Small Mammal   Summ           28%        N/A       12%         1
j - Apportation           Tloc           14%        N/A       12%         1

Your spell library contained the following spells:

 Spells                   Type           Power      Damage    Failure   Level
 Shock                    Conj/Air       100%       1d9       1%          1
 Confusing Touch          Hex            27%        N/A       4%          3
 Necrotise                Necr           28%        1d5       12%         1
 Silence                  Hex/Air        17%        N/A       22%         5
 Vampiric Draining        Necr           7%         2d6       34%         3
 Olgreb's Toxic Radiance  Pois           7%         N/A       75%         4
 Passage of Golubria      Tloc           7%         N/A       75%         4
 Ozocubu's Refrigeration  Ice            3%         4d8       100%        7
 Ignition                 Fire           21%        3d8       100%        8
 Lehudib's Crystal Spear  Conj/Erth      12%        10d4      100%        8


Dungeon Overview and Level Annotations

Branches:
Dungeon (10/15)            Temple (0/1) D:7            Lair (5/5) D:10
 Shoals (0/4) Lair:2       Spider (0/4) Lair:2        Slime (0/5) Lair:5
    Orc (1/2) D:9

Altars:
Ashenzari
Dithmenos
Elyvilon
Gozag
Kikubaaqudgha
Makhleb
Nemelex Xobeh
Okawaru
Ru
Sif Muna
Uskayaw
Vehumet
Wu Jian
Xom
Yredelemnul

Shops:
D:5 =[((   D:9 =

Annotations:
D:4 2 transporters
D:9 Erica


Innate Abilities, Weirdness & Mutations

You are too large for most types of armour.
You have tough skin. (AC +1)


Message History

You are engulfed in blazing flames.
The chaos spawn hits you!
The red devil hits you from afar with a +0 demon trident of electrocution!
Barbed spikes become lodged in your body.
You are electrocuted!
Your orange demon stings the orc warrior!
The orc warrior dies!
Makhleb accepts your kill.
The orc high priest prays to Beogh.
The cyclops throws a large rock.
The large rock closely misses you.
The large rock hits the red devil!
The barbs in your skin will harm you if you move.
Continue?
You are engulfed in blazing flames.
The red devil hits you from afar with a +0 demon trident of electrocution!
* * * LOW HITPOINT WARNING * * *
Barbed spikes become lodged in your body.
You are electrocuted!!
* * * LOW HITPOINT WARNING * * *
The chaos spawn misses you.
Your orange demon misses the chaos spawn.
Your orange demon hits the chaos spawn but does no damage.
The barbed spikes dig painfully into your body as you move.
* * * LOW HITPOINT WARNING * * *
You climb upwards.
Welcome back to the Dungeon!
Level annotation: Erica
There is a staircase to the Orcish Mines here.
You start resting.
You carefully extract the barbed spikes from your body.
You start resting.
Magic restored.
You start resting.
HP restored.
There is a staircase to the Orcish Mines here.
There is a staircase to the Orcish Mines here.
Are you sure you want to abandon this character and quit the game? (Confirm with "yes".)
Okay, then.
Level annotation: Erica Welcome back, Lremus the Ogre Fire Elementalist.
Blood and souls for Makhleb!
Press ? for a list of commands and other information.
Are you sure you want to abandon this character and quit the game? (Confirm with "yes".)

..........# #......###.#.)......
.........## ##...#..##...[......
.......### ###........)#......
.)...).##########.......>.#......
.......#.....##........<[).).....
.......#..∩..........###..#......
.......#......#####[..###.#.##...
...[.........##..)##..###.....#..
#.##)##...[...#.@.##<..##...#.##.
#.##......#...#...##....#.###.##.
#)##....#.....##'##........##....
#)##..).#....##8.8###.#..#.......
#.###...<..#####[.###....#####...
#..##.....###.#...#.##.........<.
##.##.....###......#.##..........
##.##....###..........##.....#...
...##...###...........###...##...


There were no monsters in sight!

Vanquished Creatures
  Gastronok (Lair:1)
  4 hydras
  A boulder beetle (Lair:4)
  A catoblepas (Lair:3)
  A death yak (Lair:5)
  Sonja (Lair:3)
  A goliath frog (Lair:5)
  An orb spider (Lair:2)
  An orc sorcerer (Orc:1)
  A cyclops (shapeshifter) (D:9)
  A manticore (D:9)
  2 black mambas (Lair:2)
  10 elephants
  20 cane toads
  7 komodo dragons
  Maggie (Lair:1)
  3 rime drakes
  2 trolls (D:10)
  2 polar bears
  Prince Ribbit (D:5)
  2 tyrant leeches (Lair:5)
  23 blink frogs
  4 dream sheep (Lair:4)
  A snapping turtle (Lair:2)
  2 wyverns
  54 yaks
  A fire elemental (Lair:1)
  A steam dragon (D:9)
  2 basilisks
  5 vampire mosquitoes (Lair:5)
  Edmund (D:5)
  An acid dragon (D:10)
  12 water moccasins
  A sky beast (D:8)
  5 orc warriors
  2 black bears
  17 wolves
  4 centaurs
  3 ogres
  3 phantoms
  2 kobold brigands
  20 bullfrogs
  2 gnoll sergeants
  2 necrophages (D:7)
  4 scorpions
  7 wights
  21 killer bees
  A howler monkey (D:10)
  3 jellies
  7 electric eels
  3 lava snakes (Lair:3)
  2 hounds
  A centaur zombie (D:9)
  Crazy Yiuf (D:3)
  3 gnoll boudas
  3 orc priests
  4 iguanas
  Natasha (thrice) (D:3)
  9 orc wizards
  7 hell rats
  A howler monkey zombie (D:9)
  6 adders
  23 gnolls
  5 river rats (Lair:2)
  3 ufetubi
  2 worms
  A dart slug (D:1)
  47 orcs
  9 ball pythons
  10 bats
  4 endoplasms
  4 giant cockroaches
  9 goblins
  5 hobgoblins
  4 jackals (D:1)
  A quokka (D:5)
  14 frilled lizards
  9 kobolds
  7 rats
  A fire vortex (Lair:1)
476 creatures vanquished.

Vanquished Creatures (collateral kills)
  A catoblepas (Lair:5)
  A black mamba (Lair:2)
  5 yaks (Lair:2)
  An orc warrior (Orc:1)
  2 killer bees (D:10)
  7 foxfires
17 creatures vanquished.

Vanquished Creatures (others)
  A human (D:5)
  A butterfly (D:7)
  A fire vortex (Lair:1)
  1319 foxfires
  51 fungi
  167 plants
1540 creatures vanquished.

Grand Total: 2033 creatures vanquished

Notes
Turn   | Place    | Note
-------+----------+-------------------------------------------
     0 | D:1      | Lremus the Ogre Fire Elementalist began the quest for the
                  | Orb.
     0 | D:1      | Reached XP level 1. HP: 16/16 MP: 3/3
    39 | D:1      | Reached skill level 1 in Conjurations
   144 | D:1      | Reached XP level 2. HP: 24/24 MP: 0/5
   210 | D:1      | Learned a level 2 spell: Scorch
   869 | D:1      | Reached XP level 3. HP: 31/31 MP: 0/6
  1609 | D:2      | Learned a level 3 spell: Conjure Flame
  1818 | D:2      | Found a broken altar of Ashenzari.
  1865 | D:2      | Found a faded altar of an unknown god.
  2064 | D:3      | Reached XP level 4. HP: 39/39 MP: 1/7
  2559 | D:3      | Reached XP level 5. HP: 45/45 MP: 4/8
  3169 | D:3      | Noticed Natasha
  3173 | D:3      | Killed Natasha
  3326 | D:3      | Noticed Natasha
  3331 | D:3      | Killed Natasha
  3417 | D:3      | Noticed Natasha
  3422 | D:3      | Killed Natasha
  3512 | D:3      | Found a runed translucent door.
  3513 | D:3      | Noticed Crazy Yiuf
  3699 | D:3      | Killed Crazy Yiuf
  3700 | D:3      | Reached XP level 6. HP: 51/53 MP: 2/9
  3886 | D:4      | Found a burning altar of Makhleb.
  3896 | D:4      | Became a worshipper of Makhleb the Destroyer
  4028 | D:4      | Reached skill level 5 in Fire Magic
  4304 | D:4      | Reached XP level 7. HP: 59/59 MP: 2/12
  4306 | D:4      | Found a shadowy altar of Dithmenos.
  4430 | D:4      | Found a shimmering altar of Xom.
  4430 | D:4      | Found an ornate altar of the Wu Jian Council.
  4432 | D:4      | Found a transporter.
  4444 | D:4      | Found a transporter.
  4687 | D:4      | Noticed a +0 dagger
  4687 | D:4      | Noticed a +0 falchion
  4688 | D:4      | Noticed a +0 short sword
  4742 | D:4      | Noticed a +0 spear
  4742 | D:4      | Noticed a +0 spear
  4743 | D:4      | Noticed a +0 dagger
  4744 | D:4      | Noticed a +0 short sword
  4767 | D:4      | Noticed a +0 falchion
  4774 | D:4      | Found a hide-covered altar of Uskayaw.
  4802 | D:4      | Reached * piety under Makhleb
  5124 | D:5      | Entered Level 5 of the Dungeon
  5129 | D:5      | Learned a level 3 spell: Inner Flame
  5134 | D:5      | Learned a level 4 spell: Flame Wave
  5333 | D:5      | Noticed Prince Ribbit
  5342 | D:5      | Killed Prince Ribbit
  5343 | D:5      | Reached skill level 1 in Hexes
  5343 | D:5      | Reached XP level 8. HP: 67/67 MP: 8/14
  5568 | D:5      | Found Wygef's Weapon Shoppe.
  5572 | D:5      | Noticed Edmund
  5909 | D:5      | Reached skill level 5 in Conjurations
  5989 | D:5      | Found Beha's Jewellery Boutique.
  5998 | D:5      | Found an ancient bone altar of Kikubaaqudgha.
  6045 | D:5      | Found Piqecy's Weapon Shop.
  6109 | D:5      | Found Alick's Antique Armour Emporium.
  6118 | D:5      | Bought a runed hat for 154 gold pieces
  6521 | D:5      | Killed Edmund
  6796 | D:5      | Found a shimmering blue altar of Sif Muna.
  7117 | D:6      | Learned a level 3 spell: Swiftness
  7196 | D:6      | Reached skill level 1 in Air Magic
  7625 | D:6      | Reached skill level 5 in Spellcasting
  7625 | D:6      | Reached XP level 9. HP: 74/74 MP: 6/16
  7627 | D:6      | Learned a level 1 spell: Slow
  8006 | D:6      | Found a sacrificial altar of Ru.
  8624 | D:6      | Reached skill level 1 in Fighting
  8875 | D:7      | Found a white marble altar of Elyvilon.
  8877 | D:7      | Reached skill level 3 in Fighting
  9179 | D:7      | Reached skill level 4 in Fighting
  9266 | D:7      | Reached skill level 5 in Fighting
  9618 | D:7      | Reached skill level 6 in Fighting
  9674 | D:7      | Found an opulent altar of Gozag.
  9694 | D:7      | Found a staircase to the Ecumenical Temple.
  9878 | D:7      | Found a radiant altar of Vehumet.
 10611 | D:7      | Found an iron altar of Okawaru.
 11335 | D:8      | Reached ** piety under Makhleb
 11336 | D:8      | Reached skill level 5 in Air Magic
 11712 | D:8      | Reached XP level 10. HP: 92/100 MP: 7/21
 11784 | D:8      | Learned a level 4 spell: Airstrike
 11851 | D:8      | Reached skill level 1 in Invocations
 11959 | D:8      | Reached skill level 7 in Fighting
 12208 | D:8      | Found a sparkling altar of Nemelex Xobeh.
 12479 | D:9      | Found Qysin's Jewellery Emporium.
 12722 | D:8      | Reached skill level 8 in Fighting
 13131 | D:9      | Noticed a cyclops
 13131 | D:9      | a redback changed into a cyclops
 13142 | D:9      | Killed a cyclops
 13408 | D:9      | Found a basalt altar of Yredelemnul.
 13486 | D:9      | Noticed a manticore
 13586 | D:9      | Killed a manticore
 13666 | D:9      | Reached *** piety under Makhleb
 13674 | D:9      | Learned a level 1 spell: Summon Small Mammal
 13689 | D:9      | Reached skill level 5 in Hexes
 13899 | D:9      | Identified the +5 hand axe of Eternal Vigilance {drain,
                  | Will+ Str+4 Int+2}
 13904 | D:9      | Found a staircase to the Orcish Mines.
 14278 | D:10     | Entered Level 10 of the Dungeon
 14409 | D:9      | Noticed Erica
 14411 | D:10     | Found a sacrificial altar of Ru.
 14575 | D:10     | Reached XP level 11. HP: 88/113 MP: 10/22
 14726 | D:10     | Reached skill level 9 in Fighting
 14815 | D:10     | Found a sparkling altar of Nemelex Xobeh.
 14905 | D:10     | Found a staircase to the Lair.
 15291 | D:10     | Reached skill level 1 in Armour
 16001 | D:10     | Reached **** piety under Makhleb
 16212 | Lair:1   | Entered Level 1 of the Lair of Beasts
 16761 | Lair:1   | Noticed Gastronok
 16774 | Lair:1   | Killed Gastronok
 17471 | Lair:1   | Learned a level 1 spell: Apportation
 17491 | Lair:1   | Noticed Maggie
 17539 | Lair:1   | Killed Maggie
 18468 | Lair:2   | Reached skill level 5 in Invocations
 18949 | Lair:2   | Reached XP level 12. HP: 100/123 MP: 5/23
 19002 | Lair:2   | Noticed a four-headed hydra
 19028 | Lair:2   | Killed a four-headed hydra
 19723 | Lair:2   | Found a hole to the Spider Nest.
 20655 | Lair:2   | Reached skill level 10 in Fighting
 20655 | Lair:2   | Reached skill level 5 in Armour
 20655 | Lair:2   | Reached skill level 5 in Dodging
 20655 | Lair:2   | Reached XP level 13. HP: 135/135 MP: 24/24
 20770 | Lair:2   | Found a staircase to the Shoals.
 20812 | Lair:2   | Reached skill level 11 in Fighting
 23028 | Lair:3   | Noticed Sonja
 23032 | Lair:3   | Killed Sonja
 24892 | Lair:4   | Reached XP level 14. HP: 110/146 MP: 14/25
 25636 | Lair:5   | Entered Level 5 of the Lair of Beasts
 25636 | Lair:5   | Found a staircase to the Slime Pits.
 26867 | Lair:4   | Reached skill level 12 in Fighting
 27490 | Lair:5   | Reached skill level 13 in Fighting
 27683 | Lair:5   | Reached skill level 1 in Maces & Flails
 28387 | Lair:5   | Reached ***** piety under Makhleb
 28388 | Lair:5   | Reached skill level 5 in Maces & Flails
 28394 | Lair:5   | HP: 7/153 [cane toad (3)]
 30419 | Lair:5   | Identified the +0 chain mail "Zudaxka" {+Inv Stlth+}
 30819 | Orc:1    | Entered Level 1 of the Orcish Mines
 31217 | D:9      | Upgraded the game from 0.29.0-11-gd7f09526c8 to
                  | 0.29.0-15-g675c0067aa
 31217 | D:9      | Quit the game

Illustrated notes

Levels and vault maps discovered:
D:1:      psy_arrival_whirlpool, layout_loops_ring, minivault_4
D:2:      layout_basic, basic_altar, ebering_ecumenical_altar_box,
          minmay_lizard_pond
D:3:      layout_basic, grunt_decor_resistance, chequers_serial_rivers_micro_c,
          kennysheep_donut, mrwooster_statue_mirror, uniq_natasha,
          uniq_crazy_yiuf_cottage
D:4:      layout_rooms, nicolae_uskayaw_en_pointe,
          gammafunk_temple_overflow_arena, nicolae_dithmenos_shadow_blocks,
          mainiacjoe_overflow_surrounded_room, minivault_26
D:5:      layout_layer_cave, tgw_kikubaaqudgha,
          mainiacjoe_overflow_six_doors_small, serial_shops, shop,
          nicolae_shop_hallway_plus, shop, kennysheep_mini,
          minmay_misc_feat_doors, uniq_prince_ribbit1, uniq_edmund
D:6:      layout_loops_ring, general_overflow_altar
D:7:      layout_layer_cave, nicolae_elyvilon_peaceful_grove,
          mainiacjoe_overflow_swirl, mainiacjoe_overflow_chevrons,
          temple_doors_e
D:8:      layout_rooms, nemelex_spade_bored_becter
D:9:      layout_rooms, lemuel_zombie_altar_yredelemnul, hiddenorc1_lemuel,
          serial_shops, shop_coins, minmay_chambers_of_fives, uniq_erica
D:10:     layout_roguey, lair_entry_dummy, hangedman_feature_mirror,
          roderic_batcave, roderic_serpentine_path
Lair:1:   layout_gridlike, uniq_maggie, uniq_gastronok
Lair:2:   layout_long_grid, minmay_shoals_entry_hut,
          nicolae_spider_entry_orb_guardian, chequers_serial_rivers_micro_a,
          kennysheep_abandoned_house
Lair:3:   layout_small_grid, nicolae_lair_liquid_snakes, uniq_sonja
Lair:4:   layout_roguey, infiniplex_staircase_pool_2
Lair:5:   minmay_lair_end_frog_pond, layout_layer_cave, slime_entry_1,
          nicolae_lair_yak_garden, infiniplex_staircase_pool,
          serial_bayou_shore_a
Orc:1:    layout_caves, basic_altar, serial_shops, shop

Skill      XL: |  1  2  3  4  5  6  7  8  9 10 11 12 13 14 |
---------------+-------------------------------------------+-----
Conjurations   | 1 2 3 4 5 6 7 8 |  8.3
Fire Magic     | 3 4 5 6 7 8 |  8.8
Spellcasting   | 3 4 5 7 |  7.7
Hexes          | 1 2 5 |  5.0
Air Magic      | 3 5 6 8 |  8.2
Fighting       | 6 8 9 10 11 13 | 13.1
Invocations    | 3 5 9 |  9.7
Dodging        | 4 5 |  5.5
Armour         | 4 5 |  5.9
Evocations     | 3 |  3.1
Maces & Flails | 7 |  7.1
Stealth        | |  1.4

Action                   |  1- 3 |  4- 6 |  7- 9 | 10-12 | 13-15 || total
-------------------------+-------+-------+-------+-------+-------++-------
Melee: Unarmed           |     7 |       |       |       |       ||     7
       Club              |     7 |       |       |       |       ||     7
       Whip              |     3 |     3 |       |       |       ||     6
       Punch             |       |     1 |       |       |     1 ||     2
       Quarterstaff      |       |     8 |     1 |       |       ||     9
       Giant spiked club |       |       |    21 |     8 |   109 ||   138
       Hand axe          |       |       |       |    26 |    63 ||    89
Throw: Stone             |       |     1 |       |       |       ||     1
 Cast: Foxfire           |    59 |    79 |   182 |   258 |   191 ||   769
       Scorch            |     6 |     9 |    65 |    73 |   156 ||   309
       Conjure Flame     |       |     2 |    12 |    23 |    20 ||    57
       Flame Wave        |       |       |     8 |     2 |    15 ||    25
       Inner Flame       |       |       |     3 |    40 |    38 ||    81
       Airstrike         |       |       |       |    38 |    70 ||   108
       Swiftness         |       |       |       |     8 |     8 ||    16
       Summon Small Mamm |       |       |       |     3 |       ||     3
       Slow              |       |       |       |       |     3 ||     3
Invok: Lesser Servant of |       |       |       |     4 |     4 ||     8
Evoke: Wand              |       |       |       |     2 |       ||     2
  Use: Scroll            |     1 |     4 |     3 |    13 |     9 ||    30
       Potion            |       |       |       |     2 |     3 ||     5
Armor: Robe              |    18 |    13 |    34 |    22 |       ||    87
       Troll leather arm |       |       |       |    27 |       ||    27
       Acid dragon scale |       |       |       |    10 |   113 ||   123
       Skin              |       |       |       |       |    28 ||    28
Dodge: Dodged            |    23 |    10 |    66 |   104 |   361 ||   564
